 Dungeon Crawl Stone Soup version 0.31-a0-851-g7ff8af7976 (webtiles) character file.

Game seed: 15775312878951213788

840 orangepiccolo the Chopper (level 7, 0/63 HPs)
             Began as a Minotaur Berserker on Oct 5, 2023.
             Was a Priest of Trog.
             Slain by Duvessa
             ... wielding a +0 rapier
              (10 damage)
             ... on level 5 of the Dungeon.
             The game lasted 00:05:25 (3539 turns).

orangepiccolo the Chopper (Minotaur Berserker)      Turns: 3539, Time: 00:05:26

Health: 0/63       AC: 11    Str: 24    XL:     7   Next: 67%
Magic:  6/6        EV:  9    Int:  4    God:    Trog [***...]
Gold:   338        SH:  4    Dex:  9    Spells: 6/6 levels left

rFire   . . .        a - +0 hand axe
rCold   . . .        u - +0 buckler
rNeg    . . .        r - +0 chain mail
rPois   .            (helmet restricted)
rElec   .            (no cloak)
rCorr   .            (no gloves)
SInv    .            v - +0 pair of boots
Will    .....        (no amulet) Stlth
                     (no ring)
HPRegen 0.30/turn    (no ring)
MPRegen 0.10/turn

%: no passive effects
@: on berserk cooldown, slowed, very slow
A: horns 2, retaliatory headbutt
a: Renounce Religion, Berserk, Trog's Hand


You were on level 5 of the Dungeon.
You worshipped Trog.
Trog was most pleased with you.
You visited 1 branch of the dungeon, and saw 6 of its levels.

You collected 338 gold pieces.

Inventory:

Hand Weapons
 a - a +0 hand axe (weapon)
Armour
 b - a +0 animal skin
 o - a +0 ring mail
 r - a +0 chain mail (worn)
 u - a +0 buckler (worn)
 v - a +0 pair of boots (worn)
Wands
 y - a wand of flame (23)
 A - a wand of charming (6)
Scrolls
 d - a scroll of identify
 g - 4 scrolls of blinking
 h - 3 scrolls of enchant armour
 i - 2 scrolls of amnesia
 j - a scroll of teleportation
 n - 2 scrolls of vulnerability
 s - a scroll of fear {unknown}
Potions
 c - a potion of lignification {unknown}
 e - a potion of brilliance {unknown}
 f - a potion of mutation {unknown}
 k - a potion of curing {unknown}
 l - 2 potions of ambrosia {unknown}
 m - 2 potions of haste {unknown}
 p - 2 potions of degeneration {unknown}
 q - a potion of berserk rage {unknown}
 t - a potion of might {unknown}
 w - a potion of attraction {unknown}
 x - a potion of cancellation {unknown}
 z - a potion of invisibility {unknown}


   Skills:
 + Level 6.1 Fighting
 * Level 7.9 Axes
 + Level 5.4 Armour
 - Level 2.1 Dodging
 + Level 2.7 Shields


You had 6 spell levels left.
You didn't know any spells.
Your spell library was empty.

Dungeon Overview and Level Annotations

Branches:
Dungeon (6/15)             Temple (0/1) D:5

Altars:
Gozag
Kikubaaqudgha
Makhleb
Nemelex Xobeh
Qazlal
Trog
Uskayaw
Vehumet
Xom
Zin
The Shining One

Shops:
D:6 *

Annotations:
D:5 Duvessa


Innate Abilities, Weirdness & Mutations

You have a pair of horns on your head.
You reflexively headbutt those who attack you in melee.


Message History

You feel yourself moving faster!
You feel mighty! Duvessa barely misses you. Dowan hits you with a +0 dagger.
You miss Dowan. Your headbutt misses Dowan. You hit Duvessa but do no damage.
You block Duvessa's attack. You block Dowan's attack.
You hit Dowan but do no damage. Your headbutt misses Dowan.
You barely miss Duvessa. Duvessa hits you with a +0 rapier!
Dowan hits you but does no damage.
You closely miss Dowan. You closely miss Duvessa. You slash Dowan!
Dowan is moderately wounded.
You closely miss Duvessa. Duvessa closely misses you. You block Dowan's attack.
You slash Dowan!
Dowan is almost dead.
You slash Duvessa! You block Dowan's attack. Duvessa hits you with a +0 rapier.
You slash Dowan!
You kill Dowan!
Trog accepts your kill.
Trog appreciates your killing of a magic user.
Duvessa screams in rage.
Duvessa goes berserk!
You hit Duvessa. Duvessa hits you with a +0 rapier. You block Duvessa's attack.
Things that are here:
a +0 dagger; a +2 robe You feel a strong urge to attack something.
You are no longer berserk.
You are exhausted.
You feel yourself slow down. You block Duvessa's attack.
Things that are here:
a +0 dagger; a +2 robe Duvessa hits you with a +0 rapier! x2
Duvessa hits you with a +0 rapier!
* * * LOW HITPOINT WARNING * * *
You barely miss Duvessa. You headbutt Duvessa.
Duvessa is moderately wounded.
Duvessa hits you but does no damage. Duvessa hits you with a +0 rapier!
* * * LOW HITPOINT WARNING * * *
You hit Duvessa.
Duvessa is moderately wounded.
Duvessa hits you with a +0 rapier!
You die...

########### #.....>...##
#.######)..# ###.###
#.#.##########
#.....###.###...#....#
#.#.#.##...#.._.####.#
#####.#...##.#.#@..$#.##.#
....#.###.##.#.'e.$$#.##.#
###.#.....##.###)..$#.##.#
......###.##.###.._.#.##.#
.##.......<....##...#.##.#
.########.###########.##.#
.# #.# #.##.....# .# #.#
#.##..#### .### #.#
#.##..######


You could see Duvessa (berserk).

Vanquished Creatures
  A black bear (D:5)
  An ogre (D:6)
  A phantom (D:4)
  2 scorpions
  Dowan (D:5)
  A jelly (D:4)
  A hound (D:5)
  An iguana (D:5)
  2 orc wizards
  2 scorpion zombies (D:4)
  Natasha (twice) (D:4)
  A bullfrog simulacrum (D:4)
  A hound zombie (D:4)
  A hound skeleton (D:4)
  2 adders
  An adder skeleton (D:4)
  2 worms (D:3)
  3 dart slugs
  13 orcs
  6 ball pythons
  6 bats
  7 endoplasms
  3 giant cockroaches (D:1)
  5 goblins
  7 hobgoblins
  8 quokkas
  3 frilled lizards
  6 kobolds
  4 rats
94 creatures vanquished.

Notes
Turn   | Place    | Note
-------+----------+-------------------------------------------
     0 | D:1      | orangepiccolo the Minotaur Berserker began the quest for
                  | the Orb.
     0 | D:1      | Reached XP level 1. HP: 19/19 MP: 0/0
   127 | D:1      | Reached skill level 4 in Axes
   147 | D:1      | Reached XP level 2. HP: 27/27 MP: 1/1
   519 | D:1      | Reached XP level 3. HP: 33/33 MP: 2/2
  1269 | D:3      | You fall into a shaft and drop 3 floors!
  1314 | D:6      | Noticed an ogre
  1322 | D:6      | Killed an ogre
  1323 | D:6      | Reached skill level 5 in Axes
  1323 | D:6      | Reached XP level 4. HP: 41/41 MP: 3/3
  1363 | D:6      | Found Ea-nāṣir's Fine Metal Goods.
  1392 | D:5      | Entered Level 5 of the Dungeon
  1510 | D:5      | Reached XP level 5. HP: 41/47 MP: 4/4
  1523 | D:4      | Reached skill level 6 in Axes
  1545 | D:4      | Reached skill level 5 in Fighting
  1574 | D:4      | Reached ** piety under Trog
  1582 | D:4      | Noticed Natasha
  1671 | D:3      | Identified the +2 robe of the Centaur {rPois Str+4 Dex+3
                  | Stlth-}
  1708 | D:3      | Reached XP level 6. HP: 31/56 MP: 5/5
  1708 | D:3      | Found a glowing golden altar of the Shining One.
  1709 | D:3      | Found a stormy altar of Qazlal.
  1860 | D:3      | Found an ancient bone altar of Kikubaaqudgha.
  1967 | D:3      | Found a glowing silver altar of Zin.
  1969 | D:3      | Found a hide-covered altar of Uskayaw.
  1969 | D:3      | Found a bloodstained altar of Trog.
  1972 | D:3      | Found a radiant altar of Vehumet.
  1972 | D:3      | Found a burning altar of Makhleb.
  1972 | D:3      | Found a shimmering altar of Xom.
  2293 | D:4      | Reached skill level 1 in Shields
  2484 | D:4      | Reached skill level 7 in Axes
  2500 | D:4      | Killed Natasha
  2524 | D:4      | Reached *** piety under Trog
  2525 | D:4      | Reached XP level 7. HP: 48/61 MP: 6/6
  2593 | D:4      | Reached skill level 5 in Armour
  2682 | D:4      | Identified the +1 dagger "Jaogg" {pain, Int+5}
  2721 | D:4      | Found a sparkling altar of Nemelex Xobeh.
  2804 | D:4      | Noticed Natasha
  2809 | D:4      | Killed Natasha
  3276 | D:5      | Found a staircase to the Ecumenical Temple.
  3523 | D:5      | Found an opulent altar of Gozag.
  3523 | D:5      | Noticed Duvessa
  3523 | D:5      | Noticed Dowan
  3524 | D:5      | Found a glowing silver altar of Zin.
  3532 | D:5      | Killed Dowan
  3539 | D:5      | Slain by Duvessa

Illustrated notes

Levels and vault maps discovered:
D:1:      dpeg_arrival_rooms_c, layout_basic, minmay_tripent
D:2:      layout_basic
D:3:      layout_rooms, mainiacjoe_overflow_paths,
          mainiacjoe_overflow_catwalk_spiral, doesnt_xom_only_xom,
          minmay_statues_item
D:4:      layout_cave_pools, nemelex_dance_club_becter,
          dilly_guarded_unrand_morg
D:5:      layout_loops_ring, grunt_temple_overflow_gold_and_silver,
          minmay_temple_entry_mini_moons, serial_park_tiny_1, uniq_duvessa
D:6:      layout_gridville, mainiacjoe_overflow_swirl,
          cheibrodos_sewer_entry_bend, nicolae_ea-nasir_strikes_again,
          solitary_fountain, uniq_sigmund

Skill      XL: |  1  2  3  4  5  6  7 |
---------------+----------------------+-----
Axes           | 4 5 6 7 |  7.9
Fighting       | 4 5 6 |  6.1
Armour         | 3 4 5 |  5.4
Shields        | 1 2 |  2.7
Dodging        | |  2.1

Action                     |  1- 3 |  4- 6 |  7- 9 || total
---------------------------+-------+-------+-------++-------
  Melee: Hand axe          |    65 |   108 |    48 ||   221
         Headbutt          |    12 |    19 |     8 ||    39
         Punch             |       |     1 |       ||     1
 Invoke: Berserk           |       |       |     1 ||     1
    Use: Scroll            |     5 |       |       ||     5
   Stab: Sleeping          |     1 |       |       ||     1
 Armour: Animal skin       |    35 |       |       ||    35
         Ring mail         |       |    29 |       ||    29
         Chain mail        |       |    75 |    53 ||   128
  Dodge: Dodged            |    49 |    43 |    25 ||   117
  Block: Buckler           |       |     8 |    17 ||    25

Table legend: (Time is in decaauts)
 A = Elapsed time spent in this place.
 B = Non-inter-level travel time spent in this place.
 C = Inter-level travel time spent in this place.
 D = Time resting spent in this place.
 E = Time spent auto-exploring this place.
 F = Levels seen in this place.
 G = Mean time per level.
                   A        B        C        D        E       F      G
               +--------+--------+--------+--------+--------+-----+--------+
         Total |   3538 |   3337 |    201 |      0 |   2680 |   6 |  589.7 |
       Dungeon |   3538 |   3337 |    201 |      0 |   2680 |   6 |  589.7 |
               +--------+--------+--------+--------+--------+-----+--------+

Top non-repeatable levels by time:
     D:4: 770 daAuts
     D:5: 713 daAuts
     D:3: 703 daAuts
     D:2: 616 daAuts
     D:1: 611 daAuts
     D:6: 123 daAuts
